 Dungeon Crawl Stone Soup version 0.31-a0-40-g1d5085d191 (webtiles) character file.

Game seed: 6024915799613016514

65793 funkygono the Severer (level 14, -18/133 HPs)
             Began as a Minotaur Fighter on May 17, 2023.
             Was a High Priest of Okawaru.
             Demolished by an orc warrior
             ... wielding a +0 glaive
             ... led by an orc warlord
              (20 damage)
             ... on level 2 of the Orcish Mines.
             The game lasted 00:34:33 (15020 turns).

funkygono the Severer (Minotaur Fighter)           Turns: 15020, Time: 00:34:34

Health: -18/133    AC: 28    Str: 36    XL:     14   Next: 76%
Magic:  15/15      EV: 10    Int: 10    God:    Okawaru [*****.]
Gold:   1774       SH:  9    Dex:  8    Spells: 13/13 levels left

rFire   + . .        n - +2 broad axe (flame)
rCold   . . .        f - +3 warlock's mirror {omnireflect}
rNeg    . . .        g - +1 plate armour of the Hunter {Str+3 Int+5 Dex-4 SInv}
rPois   .            L - +0 hat "Jikhecyrgh" {Rampage Will+ Dex+3}
rElec   .            C - +2 cloak {rF+}
rCorr   .            p - +1 pair of gloves
SInv    +            z - +0 pair of boots
Will    ++...        t - amulet of regeneration Stlth
                     j - +6 ring of strength
HPRegen 1.22/turn    x - +4 ring of protection
MPRegen 0.14/turn

%: reflection, rampage
@: no status effects
A: horns 2, retaliatory headbutt
a: Renounce Religion, Heroism, Finesse, Duel


You were on level 2 of the Orcish Mines.
You worshipped Okawaru.
Okawaru was extremely pleased with you.
You visited 4 branches of the dungeon, and saw 18 of its levels.
You also visited: Gauntlet and Volcano.

You collected 1774 gold pieces.

Inventory:

Hand Weapons
 n - a +2 broad axe of flaming (weapon)
 B - a +1 war axe of draining
Missiles
 s - 8 boomerangs (quivered)
 N - 3 silver javelins
Armour
 f - the +3 warlock's mirror (worn) {omnireflect}
   (You acquired it on level 2 of the Dungeon)

   Omnireflect: It can block and reflect piercing ranged attacks and magical
   attacks against the wielder's willpower.
 g - the +1 plate armour of the Hunter (worn) {Str+3 Int+5 Dex-4 SInv}
   (Okawaru gifted it to you in a volcano)

   Str:       It affects your strength (+3).
   Int:       It affects your intelligence (+5).
   Dex:       It affects your dexterity (-4).
   SInv:      It lets you see invisible.
 p - a +1 pair of gloves (worn)
 z - a +0 pair of boots (worn)
 C - a +2 cloak of fire resistance (worn)
 L - the +0 hat "Jikhecyrgh" (worn) {Rampage Will+ Dex+3}
   (You found it in a Gauntlet)

   Dex:       It affects your dexterity (+3).
   Rampage:   It bestows one free step when moving towards enemies.
   Will:      It increases your willpower.
Jewellery
 j - a +6 ring of strength (left hand)
 t - an amulet of regeneration (around neck)
 x - a +4 ring of protection (right hand)
 I - an amulet of the acrobat
 M - a ring of protection from fire
 Q - a ring of protection from cold
Wands
 y - a wand of paralysis (25)
 G - a wand of acid (11)
 J - a wand of flame (24)
 T - a wand of digging (3)
 U - a wand of mindburst (7)
Scrolls
 d - 3 scrolls of fear
 h - 8 scrolls of teleportation
 w - 5 scrolls of fog
 A - 3 scrolls of blinking
Potions
 b - 2 potions of flight
 c - 7 potions of curing
 k - 6 potions of heal wounds
 l - 2 potions of invisibility {unknown}
 m - 3 potions of resistance
 q - a potion of cancellation {unknown}
 r - 6 potions of berserk rage
 u - 5 potions of mutation
 v - 2 potions of degeneration {unknown}
 D - a potion of experience {unknown}
 E - a potion of might
 H - 3 potions of haste
 R - a potion of ambrosia {unknown}


   Skills:
 + Level 14.3 Fighting
 + Level 19.6 Axes
 + Level 2.7 Throwing
 + Level 13.4 Armour
 + Level 4.7 Dodging
 + Level 2.3 Stealth
 + Level 13.4 Shields
 + Level 2.3 Unarmed Combat
 + Level 3.7 Invocations


You had 13 spell levels left.
You didn't know any spells.
Your spell library contained the following spells:

 Spells                   Type           Power      Damage    Failure   Level
 Freeze                   Ice            0%         1d3       88%         1
 Frozen Ramparts          Ice            0%         1d1       99%         3
 Hailstorm                Conj/Ice       0%         3d3       99%         3
 Portal Projectile        Hex/Tloc       0%         N/A       99%         3
 Leda's Liquefaction      Hex/Erth       0%         N/A       100%        4
 Sticky Flame             Conj/Fire      0%         2d3       100%        4
 Conjure Ball Lightning   Conj/Air       0%         3x3d6     100%        6
 Ignition                 Fire           0%         3d3       100%        8
 Call Canine Familiar     Summ           Unusable   N/A       N/A         3

Dungeon Overview and Level Annotations

Branches:
Dungeon (10/15)            Temple (1/1) D:6            Lair (5/5) D:10
  Swamp (0/4) Lair:3       Spider (0/4) Lair:2        Slime (0/5) Lair:4
    Orc (2/2) D:10            Elf (0/3) Orc:2       Volcano (visited)
Gauntlet (visited)

Altars:
Ashenzari
Cheibriados
Dithmenos
Elyvilon
Fedhas
Gozag
Hepliaklqana
Kikubaaqudgha
Makhleb
Nemelex Xobeh
Okawaru
Qazlal
Ru
Sif Muna
Trog
Uskayaw
Vehumet
Wu Jian
Xom
Yredelemnul
Zin
The Shining One
Jiyva
Lugonu

Shops:
D:4 =

Portals:
Abyss: Lair:5

Annotations:
Lair:3 exclusion: ice statue


Innate Abilities, Weirdness & Mutations

You have a pair of horns on your head.
You reflexively headbutt those who attack you in melee.


Message History

Your headbutt misses the orc warrior.
The orc warrior is almost dead.
You slash the orc knight! You burn the orc knight. You slice the orc knight!!
You burn the orc knight. The orc knight closely misses you.
The orc warrior hits you with a +0 glaive!
An orc warrior comes into view. It is wielding a +0 short sword.
The orc warlord roars a battlecry!
The orc warrior goes into a battle-frenzy!
The orc knight hits you with a +3 dire flail!
The orc high priest mumbles some strange prayers to Beogh.
You hear a shout!
You hit the orc warrior but do no damage.
You headbutt the orc warrior, but do no damage.
The orc warrior is almost dead.
You hit the orc knight. You burn the orc knight. You slash the orc knight!
You burn the orc knight. You hit the orc warrior. You burn the orc warrior.
An orc warrior comes into view.
It is wielding a +0 dire flail and wearing a +1 plate armour of fire resistance.
The orc knight hits you with a +2 great sword.
The orc warrior closely misses you. You block the orc warrior's attack.
The orc knight hits you with a +3 dire flail!!
* * * LOW HITPOINT WARNING * * *
You closely miss the orc warrior.
The orc warrior is almost dead.
You hit the orc knight. You burn the orc knight. You slash the orc knight!
You burn the orc knight.
You kill the orc knight!
Okawaru accepts your kill.
You completely miss the orc warrior.
Your life force feels restored.
You barely miss the orc warrior.
You headbutt the orc warrior, but do no damage.
The orc warrior is almost dead.
You closely miss the orc warrior. You completely miss the orc knight.
The orc knight barely misses you. You furiously retaliate!
You headbutt the orc knight! You block the orc warrior's attack.
The orc high priest calls down the wrath of Beogh upon you.
Beogh smites you!
* * * LOW HITPOINT WARNING * * *
The orc warrior hits you with a +0 glaive!!
You die...

.. ##... ......_.......
..###.# # ......oo..4..
...#...## ............
........ #....ooo..
###.#...... ........
#...#...... #..o..#
#..#....#. #..ooo#
#..#..... #8.)@8#
#...#.... #..)o)###
#........
#...))#.#####........
......#)..##...........
...........#.#..........
......##................
.$.... #..........#.....
........................
.......................


You could see an orc warlord (strong), an orc knight (strong), an orc high
priest (strong), a red devil (summoned), 5 orc warriors, an orc priest (strong)
and an orc wizard (strong).

Vanquished Creatures
  Gastronok (Lair:1)
  An orc warlord (Orc:2)
  A red draconian (Volcano)
  A minotaur (Gauntlet)
  Josephine (Lair:5)
  2 hydras
  A two-headed ogre (D:9)
  An alligator (shapeshifter) (Lair:5)
  3 death yaks (Lair:5)
  3 thrashing horrors (Lair:5)
  Nergalle (Orc:2)
  A wretched star (Gauntlet)
  A skyshark (Lair:4)
  Amaemon (Lair:1)
  A salamander mystic (Volcano)
  3 bog bodies (Lair:3)
  A lindwurm (Lair:5)
  4 orc knights (Orc:2)
  6 salamanders (Volcano)
  13 elephants
  3 orc sorcerers (Orc:2)
  A black mamba (Lair:3)
  Maurice (D:10)
  12 cane toads
  3 smoke demons (Lair:5)
  An orange demon (Lair:1)
  A torpor snail (Lair:5)
  5 kobold demonologists
  2 rime drakes
  A freezing wraith (Lair:3)
  8 komodo dragons
  2 ancient zymes (Lair:5)
  A queen bee (shapeshifter) (Lair:5)
  A troll (Orc:2)
  2 hornets
  4 polar bears (Lair:3)
  2 large abominations (Lair:5)
  30 blink frogs
  12 dream sheep
  A spriggan (Lair:1)
  6 shadows (Gauntlet)
  2 slime creatures (Lair:4)
  8 small abominations
  5 wraiths (Lair:5)
  6 wyverns
  A ynoxinul (Lair:5)
  29 yaks
  2 steam dragons
  5 basilisks
  A chaos spawn (Lair:5)
  A neqoxec (Gauntlet)
  3 swamp worms (Lair:3)
  A warg (Orc:1)
  4 acid dragons
  7 water moccasins
  A hornet zombie (D:5)
  A sky beast (D:6)
  21 orc warriors
  4 ice beasts (Lair:3)
  5 ogres
  44 wolves
  A centaur (D:9)
  6 kobold brigands
  15 bullfrogs
  Blork the orc (D:4)
  2 scorpions
  A water moccasin zombie (D:5)
  12 wights
  10 killer bees
  3 jellies
  An electric eel (Lair:3)
  A centaur zombie (D:5)
  3 howler monkeys (D:8)
  2 hounds
  2 bullfrog zombies (D:5)
  21 orc priests
  5 iguanas
  26 orc wizards
  4 hell rats (Lair:4)
  A howler monkey zombie (D:5)
  12 adders
  6 gnolls
  A shadow imp (D:6)
  5 white imps
  2 worms (D:4)
  A dart slug (D:4)
  63 orcs
  7 ball pythons
  10 endoplasms
  5 giant cockroaches
  13 goblins
  4 hobgoblins
  6 jackals
  A quokka (D:3)
  6 bats
  5 frilled lizards
  34 kobolds
  6 rats
601 creatures vanquished.

Vanquished Creatures (others)
  An orc wizard (Orc:2)
1 creature vanquished.

Grand Total: 602 creatures vanquished

Notes
Turn   | Place    | Note
-------+----------+-------------------------------------------
     0 | D:1      | funkygono the Minotaur Fighter began the quest for the Orb.
     0 | D:1      | Reached XP level 1. HP: 19/19 MP: 0/0
    75 | D:1      | Reached XP level 2. HP: 27/27 MP: 1/1
   298 | D:1      | Reached skill level 3 in Axes
   298 | D:1      | Reached XP level 3. HP: 33/33 MP: 2/2
   784 | D:2      | Reached XP level 4. HP: 28/41 MP: 3/3
   852 | D:2      | Reached skill level 4 in Axes
   853 | D:2      | Found an opulent altar of Gozag.
  1488 | D:2      | Identified a scroll of acquirement
  1488 | D:2      | Acquired the +3 warlock's mirror {omnireflect}
  1488 | D:2      | Found the +3 warlock's mirror {omnireflect}
  1642 | D:3      | Found a faded altar of an unknown god.
  1976 | D:3      | Found an ornate altar of the Wu Jian Council.
  2182 | D:3      | Reached XP level 5. HP: 47/47 MP: 4/4
  2567 | D:4      | Noticed a +0 short sword
  2567 | D:4      | Noticed a +0 spear
  2568 | D:4      | Noticed a +0 falchion
  2568 | D:4      | Noticed a +0 dagger
  2568 | D:4      | Noticed a +0 dagger
  2568 | D:4      | Noticed a +0 short sword
  2570 | D:4      | Noticed a +0 spear
  2571 | D:4      | Noticed a +0 falchion
  2574 | D:4      | Found a hide-covered altar of Uskayaw.
  2639 | D:4      | Noticed Blork the orc
  2645 | D:4      | Found Vonaonk's Jewellery Emporium.
  2651 | D:4      | Killed Blork the orc
  2652 | D:4      | Reached skill level 5 in Axes
  2652 | D:4      | Reached skill level 5 in Armour
  2652 | D:4      | Reached skill level 1 in Dodging
  2652 | D:4      | Reached XP level 6. HP: 12/53 MP: 5/5
  3064 | D:5      | Entered Level 5 of the Dungeon
  3120 | D:5      | Reached skill level 6 in Axes
  3132 | D:5      | Found a basalt altar of Yredelemnul.
  3139 | D:5      | Reached XP level 7. HP: 59/60 MP: 6/6
  3140 | D:5      | Reached skill level 5 in Fighting
  3405 | D:5      | Reached skill level 7 in Axes
  3626 | D:5      | Reached skill level 5 in Shields
  3919 | D:6      | Found a staircase to the Ecumenical Temple.
  3923 | D:6      | Reached skill level 8 in Axes
  3923 | D:6      | Reached XP level 8. HP: 65/69 MP: 7/7
  3942 | Temple   | Entered the Ecumenical Temple
  3982 | Temple   | Became a worshipper of Warmaster Okawaru
  4703 | D:6      | Reached skill level 9 in Axes
  4735 | D:6      | Reached * piety under Okawaru
  5008 | D:7      | Reached skill level 10 in Axes
  5043 | D:7      | Found an opulent altar of Gozag.
  5087 | D:7      | Reached XP level 9. HP: 77/78 MP: 8/8
  5547 | D:8      | Reached ** piety under Okawaru
  5630 | D:8      | Reached skill level 11 in Axes
  5631 | D:8      | Found a shimmering altar of Xom.
  5643 | D:8      | Found a snail-covered altar of Cheibriados.
  5644 | D:8      | Found a broken altar of Ashenzari.
  5982 | D:8      | Reached skill level 1 in Stealth
  6093 | D:9      | Found a transporter.
  6203 | D:9      | Reached XP level 10. HP: 86/86 MP: 9/9
  6210 | D:9      | Reached skill level 1 in Throwing
  6227 | D:9      | Reached skill level 12 in Axes
  6314 | D:9      | Found a transporter.
  6356 | D:9      | Noticed a two-headed ogre
  6366 | D:9      | Killed a two-headed ogre
  6423 | D:9      | Reached *** piety under Okawaru
  6616 | D:9      | Reached skill level 1 in Invocations
  6722 | D:9      | Found a transporter.
  6904 | D:9      | Found a transporter.
  6986 | D:10     | Entered Level 10 of the Dungeon
  7242 | D:10     | Noticed Maurice
  7246 | D:10     | Reached skill level 13 in Axes
  7266 | D:10     | Reached skill level 1 in Unarmed Combat
  7299 | D:10     | Killed Maurice
  7299 | D:10     | Reached **** piety under Okawaru
  7456 | D:10     | Found a staircase to the Orcish Mines.
  7536 | D:10     | Found a staircase to the Lair.
  7545 | D:10     | Reached XP level 11. HP: 94/94 MP: 8/11
  7607 | D:10     | Found a stormy altar of Qazlal.
  7940 | Lair:1   | Entered Level 1 of the Lair of Beasts
  7952 | Lair:1   | Reached skill level 14 in Axes
  7970 | Lair:1   | Noticed a spriggan rider
  8011 | Lair:1   | Noticed Gastronok
  8043 | Lair:1   | Killed Gastronok
  8043 | Lair:1   | Reached ***** piety under Okawaru
  8044 | Lair:1   | Reached skill level 15 in Axes
  8134 | Lair:1   | Reached skill level 10 in Shields
  8173 | Lair:1   | Found a dark tunnel.
  8180 | Volcano  | Entered a volcano
  8196 | Volcano  | Noticed a salamander mystic
  8206 | Volcano  | Killed a salamander mystic
  8206 | Volcano  | Identified the +1 plate armour of the Hunter {Str+3 Int+5
                  | Dex-4 SInv} (Okawaru gifted it to you in a volcano)
  8206 | Volcano  | Received a gift from Okawaru
  8226 | Volcano  | Found a radiant altar of Vehumet.
  8268 | Volcano  | Noticed a red draconian
  8290 | Volcano  | Killed a red draconian
  8291 | Volcano  | Reached XP level 12. HP: 68/105 MP: 12/12
  8343 | Volcano  | Reached skill level 10 in Armour
  8395 | Volcano  | Reached skill level 16 in Axes
  8543 | Lair:1   | Reached skill level 10 in Fighting
  8756 | Lair:1   | Noticed Amaemon
  8773 | Lair:1   | Killed Amaemon
  9674 | Lair:2   | Found a hole to the Spider Nest.
  9747 | Lair:2   | Found a gate leading to a gauntlet.
  9781 | Gauntlet | Entered a Gauntlet
  9781 | Gauntlet | Found a transporter.
  9784 | Gauntlet | Found a transporter.
  9787 | Gauntlet | Found a transporter.
  9789 | Gauntlet | Found the +1 cloak of Starlight {*Dazzle EV+4 Stlth--}
  9791 | Gauntlet | Found a transporter.
  9792 | Gauntlet | Found a transporter.
  9794 | Gauntlet | Found a transporter.
  9800 | Gauntlet | Found a transporter.
  9801 | Gauntlet | Found a transporter.
  9805 | Gauntlet | Noticed a green death
  9820 | Gauntlet | Found a transporter.
  9825 | Gauntlet | Found a transporter.
  9829 | Gauntlet | Found a transporter.
  9837 | Gauntlet | Found a transporter.
 10133 | Gauntlet | Identified the +0 hat "Jikhecyrgh" {Rampage Will+ Dex+3}
 10222 | Gauntlet | Noticed a minotaur
 10232 | Gauntlet | Killed a minotaur
 10232 | Gauntlet | Identified the +1 scale mail "Mosmet" {Harm} (Okawaru
                  | gifted it to you in a Gauntlet)
 10232 | Gauntlet | Received a gift from Okawaru
 10242 | Gauntlet | Identified the +0 leather armour "Qosmonn" {rPois Dex+5}
 10247 | Gauntlet | Got the Handbook of Molten Fumes
 10389 | Lair:2   | Reached skill level 17 in Axes
 10746 | Lair:2   | Reached XP level 13. HP: 95/115 MP: 13/13
 11675 | Lair:3   | Found a staircase to the Swamp.
 12017 | Lair:4   | Received a gift from Okawaru
 12023 | Lair:4   | Reached skill level 18 in Axes
 12214 | Lair:4   | Found a staircase to the Slime Pits.
 12214 | Lair:4   | Found a viscous altar of Jiyva.
 12349 | Lair:4   | Identified the +1 robe of Untold Secrets {Will++ Str+3}
 12481 | Lair:4   | Identified the +8 whip of the Spider Nest {elec, *Noise rN+
                  | Dex+5}
 13029 | Lair:5   | Entered Level 5 of the Lair of Beasts
 13193 | Lair:5   | Identified the +2 scale mail "Pusierch" {+Blink} (Okawaru
                  | gifted it to you on level 5 of the Lair of Beasts)
 13193 | Lair:5   | Received a gift from Okawaru
 13346 | Lair:5   | Reached XP level 14. HP: 126/127 MP: 13/15
 13558 | Lair:5   | Found a corrupted altar of Lugonu.
 13558 | Lair:5   | Found a one-way gate to the infinite horrors of the Abyss.
 13569 | Lair:5   | Identified the +1 scale mail "Uzugaf" {rC+}
 13716 | Lair:5   | Noticed Josephine
 13729 | Lair:5   | Killed Josephine
 13736 | Lair:5   | Reached skill level 19 in Axes
 14572 | Orc:1    | Entered Level 1 of the Orcish Mines
 14721 | Orc:2    | Entered Level 2 of the Orcish Mines
 14828 | Orc:2    | Found a staircase to the Elven Halls.
 14871 | Orc:2    | Noticed an orc warlord
 14896 | Orc:2    | Killed an orc warlord
 14986 | Orc:2    | Noticed Nergalle
 14999 | Orc:2    | Killed Nergalle
 15014 | Orc:2    | Noticed an orc warlord
 15020 | Orc:2    | HP: 2/133 [orc high priest/divine providence (11)]
 15020 | Orc:2    | Demolished by an orc warrior

Illustrated notes

Levels and vault maps discovered:
D:1:      erik_arrival_blinker_ship, layout_rooms, minmay_box_of_dots
D:2:      layout_basic, basic_altar, nrook_uturn, minmay_nonomino_d4
D:3:      layout_loops_ring, mainiacjoe_overflow_six_doors_small,
          hellmonk_ecumenical_altar_arch_garden, chequers_arboretum,
          minmay_misc_feat_four_crosses, nrook_loot_triangle
D:4:      layout_basic, nicolae_uskayaw_en_pointe, serial_glass,
          glass_columns_b, glass_columns_c, item_on_display_a,
          chequers_serial_rivers_micro_e, grunt_decor_one_mirror,
          nicolae_stop_n_shop_2, uniq_blork_the_orc
D:5:      layout_basic, nicolae_yredelemnul_corpse_copse,
          minmay_misc_feat_pillars, minivault_1, chequers_hall_statues_wall_a,
          nrook_campfire
D:6:      layout_loops_ring, minmay_temple_entry_statues_fountains
D:7:      layout_basic, nicolae_gozag_cash_rules_everything_around_me,
          minmay_misc_feat_cross, st_stairs_6
D:8:      layout_basic, chequers_temple_overflow_statue_of_worship
D:9:      layout_loops_ring, nicolae_transporter_intersection
D:10:     layout_gridville, nicolae_qazlal_style_of_elements,
          david_lair_generic, orc_0_dummy, uniq_maurice
Temple:   dpeg_chambers_temple
Lair:1:   layout_layer_cave, lightli_volcano_entry_magma_tube,
          grunt_forest_large_clearings, uniq_gastronok, uniq_amaemon
Lair:2:   layout_cave_pods, spider_nest_entry_a, gauntlet_entry_generic
Lair:3:   layout_chaotic_city, nicolae_swamp_entry_splash_gauntlet, ice2_lemuel,
          lemuel_fruit_fields
Lair:4:   layout_small_grid, minmay_slime_entry_pillars, serial_bayou_lagoon_a,
          serial_bayou_shore_a
Lair:5:   hellmonk_lair_end_abyssal_woods, layout_cellular_growth, minivault_19,
          uniq_josephine
Orc:1:    layout_diamond_mine, uniq_harold
Orc:2:    grunt_orc_cross, layout_caves, serial_shops,
          nicolae_shop_advertising_works [nicolae_subvault_shop_adworks]

Skill      XL: |  1  2  3  4  5  6  7  8  9 10 11 12 13 14 |
---------------+-------------------------------------------+-----
Fighting       | 4 5 6 7 8 9 10 12 14 | 14.3
Shields        | 4 5 7 8 10 11 12 13 | 13.4
Armour         | 4 5 6 7 8 9 11 12 13 | 13.4
Axes           | 3 4 5 6 8 10 11 13 15 17 18 19 | 19.6
Dodging        | 1 2 3 4 |  4.7
Stealth        | 1 2 |  2.3
Throwing       | 1 2 |  2.7
Invocations    | 1 2 3 |  3.7
Unarmed Combat | 1 2 |  2.3

Action                     |  1- 3 |  4- 6 |  7- 9 | 10-12 | 13-15 || total
---------------------------+-------+-------+-------+-------+-------++-------
  Melee: War axe           |    63 |   159 |   286 |   217 |       ||   725
         Headbutt          |     4 |    20 |    46 |    80 |   112 ||   262
         Unarmed           |       |       |       |    27 |       ||    27
         Broad axe         |       |       |       |   187 |   538 ||   725
  Throw: Stone             |       |    11 |       |       |       ||    11
         Boomerang         |       |     1 |     4 |     9 |    11 ||    25
 Invoke: Heroism           |       |       |     6 |    18 |    14 ||    38
    Use: Scroll            |       |    12 |     3 |     5 |     6 ||    26
         Potion            |       |     1 |       |       |       ||     1
   Stab: Petrifying        |       |       |       |       |     2 ||     2
         Paralysed         |       |       |       |       |     1 ||     1
 Armour: Scale mail        |    18 |    64 |   100 |       |       ||   182
         Chain mail        |       |       |    28 |    97 |       ||   125
         Skin              |       |       |       |     2 |       ||     2
         Plate armour      |       |       |       |    90 |   194 ||   284
  Dodge: Dodged            |    46 |    56 |    88 |   189 |   146 ||   525
  Block: Buckler           |    20 |    49 |    99 |   183 |   192 ||   543
         Reflection        |       |     1 |     6 |    10 |    11 ||    28

Table legend: (Time is in decaauts)
 A = Elapsed time spent in this place.
 B = Non-inter-level travel time spent in this place.
 C = Inter-level travel time spent in this place.
 D = Time resting spent in this place.
 E = Time spent auto-exploring this place.
 F = Levels seen in this place.
 G = Mean time per level.
                   A        B        C        D        E       F      G
               +--------+--------+--------+--------+--------+-----+--------+
         Total |  14901 |  14328 |    573 |    205 |  10287 |  20 |  745.0 |
       Dungeon |   7826 |   7499 |    327 |     52 |   5607 |  10 |  782.6 |
        Temple |    227 |    204 |     23 |      0 |    186 |   1 |  227.0 |
          Lair |   5665 |   5444 |    221 |    153 |   4065 |   5 | 1133.0 |
  Orcish Mines |    414 |    414 |      0 |      0 |    254 |   2 |  207.0 |
       Volcano |    288 |    288 |      0 |      0 |    150 |   1 |  288.0 |
      Gauntlet |    478 |    478 |      0 |      0 |     25 |   1 |  478.0 |
               +--------+--------+--------+--------+--------+-----+--------+

Top non-repeatable levels by time:
  Lair:1: 1454 daAuts
  Lair:5: 1305 daAuts
  Lair:4: 1087 daAuts
    D:10: 998 daAuts
  Lair:3: 970 daAuts
     D:2: 920 daAuts
     D:9: 902 daAuts
  Lair:2: 847 daAuts
     D:6: 813 daAuts
     D:4: 795 daAuts
     D:3: 788 daAuts
     D:7: 753 daAuts
     D:5: 691 daAuts
     D:1: 627 daAuts
     D:8: 534 daAuts
